 Dungeon Crawl Stone Soup version 0.24.1-8-ga250c9d538 (webtiles) character file.

Game seed: 8332329914635565830, levelgen mode: deterministic

132 H0rd4k the Magician (level 4, -21/24 HPs)
             Began as a Deep Elf Wizard on May 2, 2020.
             Killed from afar by an adder (33 damage)
             ... with an exploding inner flame
             ... hexed by the player character
             ... on level 3 of the Dungeon.
             The game lasted 00:03:34 (2180 turns).

H0rd4k the Magician (Deep Elf Wizard)               Turns: 2180, Time: 00:03:34

Health: -21/24     AC:  2    Str:  4    XL:     4   Next: 92%
Magic:  0/14       EV: 13    Int: 24    God:
Gold:   81         SH:  0    Dex: 13    Spells: 0/16 levels left

rFire    . . .     SeeInvis .   (no weapon)
rCold    . . .     Gourm    .   (no shield)
rNeg     . . .     Faith    .   a - +0 robe
rPois    .         Spirit   .   b - +0 hat
rElec    .         Reflect  .   (no cloak)
rCorr    .         Harm     .   (no gloves)
MR       .....                  (no boots)
Stlth    ++........             (no amulet)
HPRegen  0.08/turn              (no ring)
MPRegen  0.14/turn              (no ring)

@: no status effects
A: no striking features
a: no special abilities


You were on level 3 of the Dungeon.
You were not hungry.

You visited 1 branch of the dungeon, and saw 3 of its levels.

You collected 81 gold pieces.

Inventory:

Armour
 a - a +0 robe (worn)
 b - a +0 hat (worn)
Jewellery
 g - an uncursed ring of flight {unknown}
 n - a cursed ring of attention {unknown}
 t - a cursed ring of teleportation {unknown}
Scrolls
 e - 2 scrolls of identify
 f - 2 scrolls of remove curse
 j - a scroll of fog {unknown}
 k - a scroll of enchant weapon
 l - a scroll of amnesia {unknown}
 o - a scroll of enchant armour {unknown}
 p - a scroll of fear {unknown}
 s - a scroll of teleportation {unknown}
Potions
 i - a potion of berserk rage {unknown}
 m - a potion of heal wounds {unknown}
 r - a potion of degeneration {unknown}
Comestibles
 d - 7 rations
 q - a chunk of flesh


   Skills:
 + Level 2.8 Dodging
 + Level 2.7 Stealth
 + Level 6.7 Spellcasting
 + Level 2.6 Conjurations
   Level 1.1 Summonings
 + Level 1.1 Translocations
 + Level 0.1 Poison Magic


You couldn't memorise any spells.
You knew the following spells:

 Your Spells              Type           Power        Failure   Level  Hunger
a - Magic Dart            Conj           ###.         2%          1    None
b - Blink                 Tloc           N/A          7%          2    None
c - Conjure Flame         Conj/Fire      ##......     13%         3    None
d - Mephitic Cloud        Conj/Pois/Air  ##......     16%         3    None
e - Gell's Gravitas       Tloc           ##........   14%         3    None
f - Petrify               Tmut/Erth      #.......     58%         4    ###....

Your spell library contained the following spells:

 Spells                   Type           Power        Failure   Level  Hunger
 Call Imp                 Summ           ##......     7%          2    None
 Confusing Touch          Hex            #.....       8%          1    None
 Slow                     Hex            #.......     11%         2    None
 Confuse                  Hex            #.......     22%         3    None
 Metabolic Englaciation   Hex/Ice        #.........   90%         5    #####..
 Yara's Violent Unravell  Hex/Tmut       #.........   90%         5    #####..


Dungeon Overview and Level Annotations

Branches:
Dungeon (3/15)

Altars:
Gozag

Annotations:
D:2 exclusion: downstairs
D:3 3 runed translucent doors, dundn's ghost, amateur DrAE


Message History

You feel sick. The adder barely misses you.
As you read the scroll labeled EQOUZXUHYA, it crumbles to dust.
It is a scroll of enchant weapon.
You aren't carrying any weapons that can be enchanted.
The adder bites you. The adder closely misses you.
As you read the scroll labeled CATAURETAE, it crumbles to dust.
The creatures around you are filled with an inner flame!
It was a scroll of immolation.
The adder bites you.
* * * LOW HITPOINT WARNING * * *
You feel better. The adder closely misses you.
Casting: Magic Dart (safe; 2% risk of failure)
Confirm with . or Enter, or press ? or * to list all spells.
Aiming: Magic Dart (safe; 2% risk of failure)
Press: ? - help, Shift-Dir - straight line, f/p - adder
Aim: an adder (severely wounded, inner flame)
The magic dart hits the adder.
The adder explodes!
The fiery explosion engulfs you!!
Ouch! That really hurt!
You die...

##.#
.................##.....
##.#
......######.[#..##...#
.#.# .#.### ##.........#
.#.# #. ####)#....# ...#
#......# #### #..#...#
##..#...#
###########.......#
#..@§§........†...#
#.#######.....#...# #[
#.##..##### #. ###†#....#
.. ##...#.##.#
..........## #..###. ...
..........##. ##.## .>
#... ..........##.. ##..#
#..
..........##...##..###...


There were no monsters in sight!

Vanquished Creatures
  7 adders
  An ooze (D:2)
  2 worms
  A dart slug (D:1)
  2 leopard geckos
  2 orcs
  5 giant cockroaches
  8 hobgoblins
  2 jackals (D:2)
  5 bats
  7 frilled lizards
  5 goblins
  5 kobolds
  6 rats
58 creatures vanquished.

Notes
Turn   | Place    | Note
-------+----------+-------------------------------------------
     0 | D:1      | H0rd4k the Deep Elf Wizard began the quest for the Orb.
     0 | D:1      | Reached XP level 1. HP: 10/10 MP: 7/7
   101 | D:1      | Reached skill level 5 in Spellcasting
   160 | D:1      | Reached XP level 2. HP: 15/15 MP: 7/10
   745 | D:2      | Reached XP level 3. HP: 19/19 MP: 4/12
   749 | D:2      | Learned a level 2 spell: Blink
   753 | D:2      | Learned a level 3 spell: Conjure Flame
   757 | D:2      | Learned a level 3 spell: Mephitic Cloud
  1206 | D:2      | Reached skill level 6 in Spellcasting
  1306 | D:2      | Reached XP level 4. HP: 15/24 MP: 7/14
  1917 | D:3      | Found a runed translucent gate.
  1918 | D:3      | Found an opulent altar of Gozag.
  1927 | D:3      | Found a runed translucent gate.
  1929 | D:3      | Found a runed translucent gate.
  1931 | D:3      | Noticed dundn's ghost (amateur DrAE)
  2013 | D:3      | Learned a level 3 spell: Gell's Gravitas
  2018 | D:3      | Learned a level 4 spell: Petrify
  2180 | D:3      | Killed from afar by an adder

Levels and vault maps discovered:
D:1:      dpeg_arrival_orchard, layout_loops_ring
D:2:      minmay_evil_eye, layout_basic, first_ration, hangedman_decor_riveting,
          kennysheep_generic_room_5
D:3:      layout_rooms, ebering_ghost_gozag, tgw_sif

Skill      XL: |  1  2  3 |
---------------+----------+-----
Spellcasting   | 5 6 |  6.7
Conjurations   | 2 |  2.6
Dodging        | |  2.8
Stealth        | |  2.7
Summonings     | |  1.1
Translocations | |  1.1
Poison Magic   | |  0.1

Action                   |  1- 3 |  4- 6 || total
-------------------------+-------+-------++-------
Melee: Unarmed           |       |     3 ||     3
 Cast: Magic Dart        |   103 |    61 ||   164
       Conjure Flame     |       |     1 ||     1
       Mephitic Cloud    |       |     1 ||     1
  Use: Scroll            |       |     4 ||     4
       Potion            |       |     1 ||     1
  Eat: Chunk             |       |     4 ||     4
Armor: Robe              |     4 |     3 ||     7
Dodge: Dodged            |    14 |    16 ||    30
